 Dungeon Sprint DCSS version 0.20-a0-1108-g6ae5986 (webtiles) character file.

1352 Dipster the Severer (level 8, -5/74 HPs)
             Began as a Minotaur Fighter on May 5, 2017.
             Killed from afar by an electric eel (9 damage)
             ... with a bolt of electricity
             ... in the Dungeon (Sprint II: "The Violet Keep of Menkaure").
             The game lasted 00:04:32 (825 turns).

Dipster the Severer (Minotaur Fighter)               Turns: 825, Time: 00:04:32

Health: -5/74      AC:  8    Str: 22    XL:     8   Next: 36%
Magic:  10/10      EV: 11    Int:  5    God:
Gold:   572        SH:  0    Dex:  7    Spells: 7/7 levels left

rFire    . . .     SeeInvis .   a - +0 war axe
rCold    . . .     Gourm    .   (no shield)
rNeg     . . .     Faith    .   b - +0 scale mail
rPois    .         Spirit   .   (helmet restricted)
rElec    .         Reflect  .   (no cloak)
rCorr    .         Harm     .   (no gloves)
MR       .....     NoTele   +   (no boots)
Stlth    +.........             (no amulet)
Regen    0.3/turn               e - ring of Shadows {Umbra +Inv Stlth+}
MPRegen  0.2/turn               (no ring)

@: wreathed by umbra, very slow
A: retaliatory headbutt, horns 2, clumsy 2, no potion heal 1
a: Evoke Invisibility


You were in the Dungeon.
You were not hungry.

You visited 1 branch You collected 972 gold pieces.
You spent 400 gold pieces at shops.

Inventory:

Hand Weapons
 a - a +0 war axe (weapon)
Armour
 b - a +0 scale mail (worn)
 c - a +0 shield
Jewellery
 e - the ring of Shadows (left hand) {Umbra +Inv Stlth+}
   (You bought it in a shop in the Dungeon)

   [ring of stealth]

   It lets you turn invisible.
   It makes you more stealthy.
Scrolls
 k - a scroll of blinking
Potions
 d - a potion of might
 i - 2 potions of magic
Comestibles
 f - a bread ration


   Skills:
 + Level 7.7 Fighting
 - Level 17.2 Axes
 + Level 7.7 Armour
 - Level 4.7 Dodging
 - Level 3.6 Shields
 * Level 4.1 Evocations


You had 7 spell levels left.
You didn't know any spells.

Dungeon Overview and Level Annotations

Branches:
Dungeon (1/1)

Altars:

Shops:
D :?}(=%=[!![}!*[:

Annotations:
D exclusions: oklob plant and orange crystal statue


Innate Abilities, Weirdness & Mutations

You reflexively headbutt those who attack you in melee.
You have a pair of horns on your head.
You are very clumsy. (Dex -4)
Potions are less effective at restoring your health.


Message History

The bolt of electricity hits you!
The electric eel shoots out a bolt of lightning at you!
The bolt of electricity hits the electric eel.
The electric eel completely resists.
The bolt of electricity hits you!
There is an open gate here.
You barely miss the electric eel. x2; You closely miss the electric eel.
The electric eel shoots out a bolt of lightning at you!
The bolt of electricity hits the electric eel.
The electric eel completely resists.
The bolt of electricity hits you!
* * * LOW HITPOINT WARNING * * *
You enter the shallow water.
Moving in this stuff is going to be slow.
The electric eel shoots out a bolt of lightning at you!
The bolt of electricity hits you!
* * * LOW HITPOINT WARNING * * *
The electric eel shoots out a bolt of lightning at you!
The bolt of electricity hits you!
* * * LOW HITPOINT WARNING * * *
The bolt of electricity hits you!
You die...

...∩.∩..#≈#...##.##.#.#..#
....∩.∩.'≈'.#)'.<.'.##'..###
.....∩.∩#≈#...##.##..##....#
▓▓▓▓▓▓###≈##.###†###.##.§....≈≈
?h?######≈≈####.#.####≈≈.....≈#
?$.#{ ##≈≈≈#..#..#≈≈≈≈≈≈≈..≈#
∩P?+% #†#≈##...##≈≈≈≈≈§≈≈.≈#
$$$ #)#≈≈##§##§§≈≈§≈§≈≈≈≈# [.)
####≈≈≈@§§§≈≈§§≈≈§§≈≈# #+
#+++#§§§#≈≈≈§≈§≈≈≈# #§;;;;;§# ≈
#§§§;;≈;§§# +≈§§§;§§§≈≈≈+
##§§§§§§≈≈≈## ##§§§§§§≈##
####+####


You could see 8 electric eels.

Vanquished Creatures
  A merfolk siren (D)
  4 neqoxecs (D)
  Menkaure (D)
  4 necrophages (D)
  A crocodile (D)
  A hell rat (D)
  3 worms (D)
15 creatures vanquished.

Notes
Turn   | Place    | Note
-------+----------+-------------------------------------------
     0 | D        | Dipster the Minotaur Fighter began the quest for the Orb.
     0 | D        | Reached XP level 1. HP: 19/19 MP: 0/0
     6 | D        | Noticed a neqoxec
     6 | D        | Noticed a neqoxec
     6 | D        | Noticed a neqoxec
     6 | D        | Noticed a neqoxec
     7 | D        | Noticed a crimson imp
    11 | D        | Gained mutation: You are clumsy. (Dex -2) [a neqoxec]
    13 | D        | Killed a neqoxec
    13 | D        | Reached skill level 11 in Axes
    13 | D        | Reached XP level 2. HP: 23/26 MP: 1/1
    13 | D        | Reached XP level 3. HP: 27/31 MP: 2/2
    13 | D        | Reached XP level 4. HP: 34/39 MP: 3/3
    15 | D        | Killed a neqoxec
    15 | D        | Reached skill level 14 in Axes
    15 | D        | Reached XP level 5. HP: 39/45 MP: 4/4
    17 | D        | Gained mutation: Potions are less effective at restoring your health. [a neqoxec]
    19 | D        | Killed a neqoxec
    19 | D        | Reached skill level 15 in Axes
    19 | D        | Reached XP level 6. HP: 45/51 MP: 5/5
    25 | D        | Gained mutation: You are very clumsy. (Dex -4) [a neqoxec]
    26 | D        | Killed a neqoxec
    26 | D        | Reached skill level 16 in Axes
   147 | D        | Noticed Menkaure
   152 | D        | Noticed an orange crystal statue
   157 | D        | Killed Menkaure
   157 | D        | Reached XP level 7. HP: 28/60 MP: 6/6
   170 | D        | Reached skill level 5 in Armour
   436 | D        | Noticed a merfolk siren
   453 | D        | Killed a merfolk siren
   453 | D        | Reached skill level 17 in Axes
   459 | D        | Found Abuwnopt's Book Shop.
   459 | D        | Found Fano's Distillery.
   459 | D        | Found Polonnit's Gadget Shop.
   459 | D        | Found Keatik's Distillery.
   459 | D        | Found Cuynej's Armour Shop.
   459 | D        | Found Osmarhee's Antique Armour Shop.
   459 | D        | Found Usmechag's Jewellery Boutique.
   460 | D        | Found Xamiolom's Food Boutique.
   460 | D        | Found Sewiu's Jewellery Shop.
   460 | D        | Found Malemodo's Antique Weapon Boutique.
   460 | D        | Found Ozooggeon's General Store.
   461 | D        | Found Xarofyfo's Gadget Shop.
   461 | D        | Found Comuusu's Magic Scroll Boutique.
   462 | D        | Found Dif Bol's Antique Armour Boutique.
   462 | D        | Found Buduvaf's Distillery.
   462 | D        | Noticed a hell hog
   463 | D        | Noticed a hell hog
   463 | D        | Noticed an oklob plant
   464 | D        | Found Cuany's Book Shoppe.
   465 | D        | Noticed a fire dragon
   486 | D        | Bought the ring of Shadows {Umbra +Inv Stlth+} for 400 gold pieces
   503 | D        | Reached XP level 8. HP: 55/71 MP: 7/7
   825 | D        | Killed from afar by an electric eel

Vault maps used:
D:        the_violet_keep_of_menkaure

Skill      XL: |  1  2  3  4  5  6  7  8 |
---------------+-------------------------+-----
Axes           | 11 14 15 16 17 | 17.2
Fighting       | 4 6 7 |  7.7
Armour         | 4 6 7 |  7.7
Dodging        | 2 4 |  4.7
Evocations     | 4 |  4.1
Shields        | |  3.6

Action                   |  1- 3 |  4- 6 |  7- 9 || total
-------------------------+-------+-------+-------++-------
Melee: War axe           |     5 |    17 |    54 ||    76
       Headbutt          |     2 |     3 |     8 ||    13
  Use: Potion            |     2 |     2 |       ||     4
Armor: Scale mail        |     1 |       |     4 ||     5
Dodge: Dodged            |     2 |     3 |     9 ||    14
